AoeStats
← General Disarray

Arena

509717102Analyzed
3v3 RM · 5d ago on Sep 27, 2026· 52m 45s· 6 players
Game mode
Random Map
Map size
Normal (6 player)
Population
200
Speed
Normal
Resources
Standard
Victory
Conquest
Starting age
Dark Age
Ending age
Imperial Age
RankedLock teamsTeams togetherTeam positionsShared explorationLock speedFull tech treeHidden civsTurbo modeCheats
Victory
Defeat
🇵🇪 Magyars · Peru
737
+16
🇨🇱 Franks · Chile
716
+17
🇫🇷 Britons · France
710
+17
🇬🇧 Sicilians · United Kingdom
870
-71
🇬🇧 Britons · United Kingdom
701
-15
🇬🇧 Franks · United Kingdom
619
-26
CHILEPALESTA
1:30 Loom
Nordinateur93
12:40 Feudal Age
14:03 Wheelbarrow
13:11 Horse Collar
13:20 Double-Bit Axe
20:44 Castle Age
18:49 Gold Mining
20:01 Man-at-Arms
20:41 Arson
21:30 Forging
21:21 Scale Mail Armor
21:13 Fletching
21:24 Padded Archer Armor
22:20 Stone Mining
23:19 Long Swordsman
24:16 Squires
24:35 Gambesons
30:22 Heavy Plow
30:45 Hand Cart
31:10 Bow Saw
30:43 Pikeman
39:42 Imperial Age
37:49 Gold Shaft Mining
37:39 Yeomen
40:07 Caravan
40:08 Bodkin Arrow
40:29 Leather Archer Armor
39:56 Elite Longbowman
40:58 Conscription
41:25 Bracer
42:49 Chemistry
42:11 Ballistics
42:41 Warwolf
43:18 Hoardings
44:16 Two-Man Saw
43:48 Fortified Wall
44:39 Ring Archer Armor
43:57 Two-Handed Swordsman
48:48 Champion
Crazy
9:16 Feudal Age
9:46 Horse Collar
9:52 Double-Bit Axe
18:50 Loom
21:07 Castle Age
20:37 Gold Mining
22:19 Stone Mining
23:11 Husbandry
23:26 Bloodlines
23:38 Loom
30:33 Gold Shaft Mining
29:56 Arson
30:39 Pikeman
32:13 Light Cavalry
34:41 Scale Barding Armor
35:25 Wheelbarrow
35:15 Bow Saw
35:31 Town Watch
36:40 Hand Cart
37:21 Heavy Plow
41:25 Imperial Age
40:28 Chain Barding Armor
40:35 Corvinian Army
42:53 Conscription
42:01 Elite Magyar Huszar
42:06 Cavalier
43:39 Crop Rotation
44:11 Two-Man Saw
45:03 Paladin
48:00 Plate Barding Armor
46:54 Heavy Scorpion
49:06 Ballistics
52:38 Chemistry
51:44 Siege Engineers
51:21 Treadmill Crane
51:52 Masonry
General Disarray
4:21 Loom
12:56 Feudal Age
16:12 Double-Bit Axe
16:08 Horse Collar
22:24 Castle Age
22:57 Forging
22:38 Fletching
27:42 Iron Casting
27:03 Bodkin Arrow
28:24 Wheelbarrow
27:29 Pikeman
29:11 Scale Mail Armor
29:43 Scale Barding Armor
30:01 Hand Cart
31:11 Heavy Plow
31:34 Bow Saw
31:20 Gambesons
32:05 Bloodlines
32:08 Town Watch
33:40 Chain Mail Armor
34:36 Squires
38:26 Imperial Age
38:23 Elite Skirmisher
40:12 Crop Rotation
41:09 Ballistics
41:50 Chemistry
40:43 Onager
41:21 Murder Holes
44:39 Halberdier
48:50 Blast Furnace
47:51 Bracer
48:25 Plate Mail Armor
48:16 Chain Barding Armor
48:46 Conscription
49:04 Hoardings
50:19 Crop Rotation
49:43 Gold Mining
49:43 Stone Mining
49:18 Cavalier
50:09 Bloodlines
50:52 Siege Engineers
Casper VIII
11:54 Feudal Age
12:15 Horse Collar
12:27 Double-Bit Axe
19:01 Castle Age
17:58 Stone Mining
20:07 Heavy Plow
20:40 Bow Saw
23:39 Padded Archer Armor
23:30 Fletching
30:52 Imperial Age
32:21 Wheelbarrow
31:33 Town Watch
33:01 Elite Longbowman
36:32 Ballistics
37:13 Chemistry
40:29 Hand Cart
40:58 Pikeman
41:57 Halberdier
42:38 Squires
42:50 Padded Archer Armor
42:46 Bodkin Arrow
43:03 Bodkin Arrow
44:17 Fortified Wall
43:56 Arrowslits
48:41 Yeomen
ghoward20
10:42 Feudal Age
14:07 Double-Bit Axe
15:37 Scale Barding Armor
21:00 Castle Age
Connection lost

Rejoining the realm…

Still unreachable

The connection could not be restored.

Session expired

The server has moved on; the page needs a fresh start.